AoeStats
← Dinsomnia

MegaRandom

505937072Analyzed
4v4 RM · 19d ago on Sep 11, 2026· 34m 57s· 8 players
Game mode
Random Map
Map size
Large (8 player)
Population
200
Speed
Normal
Resources
Standard
Victory
Conquest
Starting age
Dark Age
Ending age
Imperial Age
RankedLock teamsTeams togetherTeam positionsShared explorationLock speedFull tech treeHidden civsTurbo modeCheats
Victory
Defeat
🇵🇪 Bohemians · Peru
1332
+10
🇳🇱 Mongols · Netherlands
1275
+12
🇩🇰 Persians · Denmark
1184
+16
🇮🇪 Teutons · Ireland
1116
+18
🇨🇦 Mongols · Canada
1214
-15
🇰🇷 Khitans · South Korea
1189
-14
🇭🇰 Vietnamese · Hong Kong SAR China
1189
-14
🇩🇪 Poles · Germany
1158
-13
Dinsomnia
0:32 Loom
11:56 Feudal Age
12:40 Double-Bit Axe
18:38 Castle Age
16:43 Scale Mail Armor
16:50 Scale Barding Armor
17:38 Gold Mining
18:25 Fletching
21:15 Padded Archer Armor
22:33 Bodkin Arrow
24:07 Leather Archer Armor
24:56 Chain Barding Armor
25:50 Town Watch
31:13 Ballistics
31:10 Husbandry
34:01 Domestication
35:35 Wheelbarrow
Frak
0:32 Loom
9:47 Feudal Age
12:16 Double-Bit Axe
14:09 Horse Collar
16:32 Scale Barding Armor
24:16 Castle Age
22:02 Fishing Lines
22:59 Forging
22:39 Fletching
22:51 Padded Archer Armor
26:45 Castle Age
24:55 Gold Mining
24:59 Stone Mining
26:18 Wheelbarrow
25:30 Town Watch
26:09 Bloodlines
27:41 Thumb Ring
27:33 Bodkin Arrow
27:43 Husbandry
28:55 Leather Archer Armor
29:24 Gillnets
34:43 Chain Barding Armor
YKY
11:55 Feudal Age
14:11 Loom
17:09 Castle Age
15:57 Double-Bit Axe
16:35 Stone Mining
17:40 Wheelbarrow
17:18 Horse Collar
18:24 Bow Saw
24:12 Gold Mining
25:10 Hand Cart
26:07 Chatras
29:28 Stone Shaft Mining
28:55 Heavy Plow
29:27 Scale Barding Armor
29:33 Forging
29:30 Husbandry
29:42 Bloodlines
34:12 Imperial Age
32:21 Chain Barding Armor
Cube_F22
0:31 Loom
9:47 Feudal Age
11:15 Double-Bit Axe
16:00 Castle Age
15:29 Bloodlines
15:25 Scale Barding Armor
15:08 Double-Bit Axe
16:33 Horse Collar
18:15 Fletching
17:52 Crossbowman
27:23 Bow Saw
27:17 Town Watch
28:08 Wheelbarrow
28:10 Bodkin Arrow
30:49 Heavy Plow
benny5life <3 ✌
0:33 Loom
11:38 Feudal Age
12:06 Fishing Lines
16:46 Bloodlines
18:51 Double-Bit Axe
23:48 Castle Age
21:41 Fletching
22:51 Stone Mining
24:20 Husbandry
23:40 Light Cavalry
25:52 Scale Barding Armor
25:58 Forging
26:07 Gillnets
27:14 Bow Saw
26:53 Horse Collar
27:52 Chain Barding Armor
29:12 Heavy Plow
30:25 Iron Casting
31:00 Wheelbarrow
30:11 Town Watch
31:30 Bodkin Arrow
31:50 Gold Mining
32:35 Stone Shaft Mining
34:11 Gold Shaft Mining
35:13 Hand Cart
34:58 Town Patrol
Sofia
0:32 Loom
11:42 Feudal Age
16:50 Castle Age
19:09 Double-Bit Axe
20:55 Fletching
21:54 Horse Collar
22:52 Padded Archer Armor
23:42 Elite Skirmisher
24:32 Town Watch
28:25 Ballistics
29:02 Wheelbarrow
29:10 Thumb Ring
30:00 Leather Archer Armor
33:48 Gold Mining
37:11 Imperial Age
35:03 Heavy Plow
hoboslayer46
0:39 Loom
11:15 Feudal Age
16:42 Double-Bit Axe
18:32 Horse Collar
22:55 Castle Age
20:49 Arson
22:06 Forging
21:56 Scale Mail Armor
22:15 Man-at-Arms
25:02 Pikeman
25:42 Squires
27:06 Gold Mining
27:06 Stone Mining
28:37 Bow Saw
28:42 Heavy Plow
29:09 Chain Mail Armor
31:50 Iron Casting
32:17 Stone Mining
34:49 Bloodlines
Dr. House
0:39 Loom
11:13 Feudal Age
11:51 Double-Bit Axe
16:41 Castle Age
15:22 Horse Collar
17:52 Bow Saw
18:22 Fishing Lines
22:17 Chemistry
21:28 Padded Archer Armor
22:15 Elite Skirmisher
23:03 Fletching
23:50 Bodkin Arrow
25:29 Ballistics
26:27 Leather Archer Armor
27:53 Wheelbarrow
28:27 Heavy Plow
31:58 Hand Cart
31:31 Town Watch
34:28 Town Patrol
37:55 Imperial Age
Connection lost

Rejoining the realm…

Still unreachable

The connection could not be restored.

Session expired

The server has moved on; the page needs a fresh start.